 Dungeon Crawl Stone Soup version 0.26.1-2-gb8aa6d0cf2 (webtiles) character file.

Game seed: 13040737200356445976

2754 Amaterasu the Fighter (level 9, -6/100 HPs)
             Began as an Ogre Monk on Feb 9, 2021.
             Was an Elder of Okawaru.
             Mangled by a yak (16 damage)
             ... on level 8 of the Dungeon.
             The game lasted 00:13:47 (8613 turns).

Amaterasu the Fighter (Ogre Monk)                   Turns: 8613, Time: 00:13:47

Health: -6/100     AC:  5    Str: 22    XL:     9   Next: 68%
Magic:  13/13      EV: 12    Int: 11    God:    Okawaru [****..]
Gold:   440        SH:  0    Dex: 11    Spells: 8/8 levels left

rFire    + . .     SeeInvis .   u - +0 giant spiked club
rCold    . . .     Faith    .   (shield currently unavailable)
rNeg     . . .     Spirit   .   b - +1 robe
rPois    .         Reflect  .   (helmet restricted)
rElec    .         Harm     .   (no cloak)
rCorr    .         Rampage  .   (gloves unavailable)
Will     .....                  (boots unavailable)
Stlth    ++........             a - amulet of regeneration
HPRegen  0.66/turn              p - ring of protection from fire
MPRegen  0.13/turn              (no ring)

@: no status effects
A: large, unfitting armour, rugged brown scales 1, strong 1, tough skin 1
a: Renounce Religion, Heroism


You were on level 8 of the Dungeon.
You worshipped Okawaru.
Okawaru was greatly pleased with you.
You visited 1 branch of the dungeon, and saw 8 of its levels.

You collected 440 gold pieces.

Inventory:

Hand Weapons
 s - a +1 whip of freezing
 u - a +0 giant spiked club (weapon)
Armour
 b - a +1 robe (worn)
Jewellery
 a - an amulet of regeneration (around neck)
 p - a ring of protection from fire (left hand)
 q - an uncursed amulet of reflection
 v - an uncursed amulet of guardian spirit {unknown}
 x - an uncursed amulet of guardian spirit {unknown}
 B - a cursed amulet of inaccuracy {unknown}
Wands
 e - a wand of iceblast (4)
 w - a wand of random effects (18)
 y - a wand of flame (24)
 A - a wand of enslavement (6)
 C - a wand of paralysis (25)
Scrolls
 c - 5 scrolls of remove curse
 d - 7 scrolls of teleportation
 g - 2 scrolls of amnesia
 j - 2 scrolls of magic mapping
 m - 2 scrolls of enchant armour
 z - a scroll of fear
Potions
 f - 2 potions of mutation
 h - a potion of resistance {unknown}
 i - a potion of flight {unknown}
 k - a potion of degeneration {unknown}
 l - 2 potions of attraction
 n - a potion of cancellation
 o - a potion of invisibility {unknown}
 r - a potion of lignification {unknown}
 t - a potion of magic {unknown}


   Skills:
 - Level 9.0 Fighting
 * Level 8.1 Maces & Flails
 * Level 1.3 Armour
 * Level 5.5 Dodging
 - Level 1.4 Stealth
 * Level 5.3 Invocations
 * Level 1.2 Evocations


You had 8 spell levels left.
You didn't know any spells.
Your spell library contained the following spells:

 Spells                   Type           Power        Failure   Level
 Corona                   Hex            0%           34%         1
 Freeze                   Ice            0%           34%         1
 Ensorcelled Hibernation  Hex/Ice        0%           47%         2
 Confusing Touch          Hex            0%           71%         3
 Dazzling Flash           Conj/Hex       0%           71%         3
 Frozen Ramparts          Ice            0%           71%         3
 Ozocubu's Armour         Ice            0%           71%         3
 Tukima's Dance           Hex            0%           71%         3
 Hailstorm                Conj/Ice       0%           98%         4
 Summon Ice Beast         Ice/Summ       0%           98%         4
 Bolt of Magma            Conj/Fire/Erth 0%           100%        5
 Iskenderun's Battlesphe  Conj           0%           100%        5
 Iron Shot                Conj/Erth      0%           100%        6
 Orb of Destruction       Conj           0%           100%        7
 Spellforged Servitor     Conj/Summ      0%           100%        7


Dungeon Overview and Level Annotations

Branches:
Dungeon (8/15)             Temple (0/1) D:4
   Lair: D:8-11

Altars:
Kikubaaqudgha
Nemelex Xobeh
Okawaru
Trog
Wu Jian

Shops:
D:7 ([*

Annotations:
D:4 2 transporters
D:8 Harold


Innate Abilities, Weirdness & Mutations

You are too large for most types of armour.
You have tough skin. (AC +1)
You are partially covered in rugged brown scales. (AC +1, +3% HP)
Your muscles are strong. (Str +2)


Message History

The yak is almost dead.
The yak gores you!
You barely miss the yak.
The yak is almost dead.
The yak completely misses you.
You closely miss the yak.
The yak is almost dead.
The yak gores you!
* * * LOW HITPOINT WARNING * * *
The yak closely misses you.
You barely miss the yak.
The yak is almost dead.
The yak closely misses you.
You barely miss the yak.
The yak is almost dead.
The yak gores you!
* * * LOW HITPOINT WARNING * * *
A howler monkey comes into view.
The yak gores you!
You die...

.......#
#.......######
.......#
#.#####.#
#......# #.#
#.# #......#
#.# #.#
######## #.#
#.# #.# #.#
#.# #.# ## #.#
#.# .# #@# .#
#Y# .# #######
#Y# .# #.....#
#.# ## #.Y..@#
#.#
#.....###.#
#!......!.##
#.....Y..h..
#.........##


You could see 2 yaks and a howler monkey (wandering).

Vanquished Creatures
  Eustachio (D:6)
  2 yaks
  Duvessa (D:6)
  3 water moccasins (D:7)
  A necrophage (D:7)
  A sky beast (D:7)
  A centaur (D:6)
  2 ogres
  A big kobold (D:7)
  Blork the orc (D:6)
  A bullfrog (D:7)
  Dowan (D:6)
  A water moccasin zombie (D:5)
  A scorpion (D:4)
  3 killer bees (D:8)
  A howler monkey (D:6)
  A jelly (D:5)
  A bullfrog skeleton (D:8)
  5 orc priests
  2 centaur skeletons
  2 hounds (D:5)
  An iguana (D:6)
  6 orc wizards
  5 worker ants
  A howler monkey zombie (D:7)
  9 adders
  11 gnolls
  A white imp (D:5)
  4 ufetubi
  A worm (D:3)
  An adder skeleton (D:8)
  2 dart slugs
  2 leopard geckos
  17 orcs
  3 giant cockroaches (D:1)
  6 goblins
  6 hobgoblins
  8 jackals
  6 quokkas
  7 bats
  5 frilled lizards
  A giant cockroach zombie (D:5)
  9 kobolds
  A quokka skeleton (D:5)
  4 rats
150 creatures vanquished.

Vanquished Creatures (others)
  7 plants
7 creatures vanquished.

Grand Total: 157 creatures vanquished

Notes
Turn   | Place    | Note
-------+----------+-------------------------------------------
     0 | D:1      | Amaterasu the Ogre Monk began the quest for the Orb.
     0 | D:1      | Reached XP level 1. HP: 24/24 MP: 1/1
   395 | D:1      | Reached XP level 2. HP: 33/33 MP: 2/2
   487 | D:1      | Found a sparkling altar of Nemelex Xobeh.
  1108 | D:2      | Reached XP level 3. HP: 41/41 MP: 3/3
  1378 | D:2      | Gained mutation: Your muscles are strong. (Str +2) [potion
                  | of mutation]
  1378 | D:2      | Gained mutation: You are partially covered in rugged brown
                  | scales. (AC +1, +3% HP) [potion of mutation]
  1421 | D:1      | Reached skill level 5 in Fighting
  1677 | D:1      | Reached XP level 4. HP: 19/51 MP: 4/4
  3247 | D:3      | Found an iron altar of Okawaru.
  3250 | D:3      | Became a worshipper of Warmaster Okawaru
  3250 | D:3      | Reached * piety under Okawaru
  3250 | D:3      | Reached ** piety under Okawaru
  3326 | D:3      | Reached XP level 5. HP: 36/60 MP: 5/5
  3331 | D:3      | Reached skill level 6 in Fighting
  3588 | D:3      | Found an ancient bone altar of Kikubaaqudgha.
  3857 | D:4      | Found a transporter.
  3986 | D:4      | Reached skill level 5 in Maces & Flails
  3986 | D:4      | Reached skill level 1 in Invocations
  3986 | D:4      | Reached XP level 6. HP: 65/69 MP: 5/7
  4020 | D:4      | Found a staircase to the Ecumenical Temple.
  4435 | D:4      | Identified the cursed +3 trident "Bumo" {pain, +Blink}
  4445 | D:4      | Found a transporter.
  4868 | D:5      | Entered Level 5 of the Dungeon
  5130 | D:5      | Reached XP level 7. HP: 70/77 MP: 9/9
  5595 | D:6      | Found a bloodstained altar of Trog.
  5654 | D:6      | Noticed Blork the orc
  5670 | D:6      | Killed Blork the orc
  5919 | D:6      | Noticed Eustachio
  5946 | D:6      | Killed Eustachio
  5947 | D:6      | Reached XP level 8. HP: 29/86 MP: 10/10
  6278 | D:6      | Reached skill level 7 in Fighting
  6288 | D:6      | Found an ornate altar of the Wu Jian Council.
  6336 | D:6      | Noticed Dowan
  6337 | D:6      | Noticed Duvessa
  6359 | D:6      | Killed Duvessa
  6359 | D:6      | Reached *** piety under Okawaru
  6360 | D:6      | Killed Dowan
  6647 | D:7      | Found Kep Aruse's Armour Shoppe.
  7114 | D:7      | Reached skill level 8 in Fighting
  7121 | D:7      | Reached skill level 5 in Dodging
  7178 | D:7      | Reached XP level 9. HP: 40/99 MP: 12/12
  7320 | D:7      | Found Tezeat's Serpentskin Sales.
  7493 | D:7      | Found Faaleguv's Antique Weapon Shop.
  7545 | D:7      | Reached **** piety under Okawaru
  7546 | D:7      | Reached skill level 9 in Fighting
  7546 | D:7      | Reached skill level 5 in Invocations
  8150 | D:8      | Noticed Harold
  8191 | D:7      | Reached skill level 1 in Armour
  8191 | D:7      | Reached skill level 1 in Evocations
  8613 | D:8      | Mangled by a yak

Illustrated notes

Levels and vault maps discovered:
D:1:      dpeg_cavernosity, layout_basic, nemelex_xobeh_ov_fountains_minmay
D:2:      layout_loops_corners
D:3:      layout_basic, old_standard_altar, okawaru_metal_pillars_1_2
D:4:      layout_basic, minmay_temple_entry_stoned_glass,
          gammafunk_ghost_gnarly_gnolls, minmay_misc_feat_tower
D:5:      layout_gridville, eino_tiny_chamber
D:6:      layout_rooms, marbit_many_paths, nzn_wu_jian_contemplation,
          corexii_hall_statues_i, kennysheep_donut, kennysheep_generic_room_9,
          uniq_eustachio, uniq_blork_the_orc, uniq_duvessa
D:7:      layout_rooms, serial_shops, nicolae_shop_overgrown_old_shop, shop,
          hangedman_decor_growths, guppyfry_shop_venom
D:8:      layout_basic, kennysheep_mini, kennysheep_opposing_triangles,
          uniq_harold

Skill      XL: |  1  2  3  4  5  6  7  8  9 |
---------------+----------------------------+-----
Maces & Flails | 3 4 5 6 7 8 |  8.1
Fighting       | 5 6 8 9 |  9.0
Invocations    | 1 3 4 5 |  5.3
Dodging        | 3 5 |  5.5
Armour         | 1 |  1.3
Evocations     | 1 |  1.2
Stealth        | |  1.4

Action                   |  1- 3 |  4- 6 |  7- 9 || total
-------------------------+-------+-------+-------++-------
Melee: Mace              |    83 |    66 |       ||   149
       Whip              |       |   164 |    80 ||   244
       Giant spiked club |       |       |   305 ||   305
Invok: Heroism           |       |       |     2 ||     2
Evoke: Wand              |       |       |     2 ||     2
  Use: Scroll            |     4 |     6 |     4 ||    14
       Potion            |     1 |       |     9 ||    10
 Stab: Sleeping          |     4 |     3 |       ||     7
Armor: Robe              |    34 |    66 |   122 ||   222
Dodge: Dodged            |    63 |   101 |   309 ||   473
Block: Other             |       |    22 |    22 ||    44
       Reflection        |       |       |     1 ||     1
